 Dungeon Crawl Stone Soup version 0.19-a0-1697-g0595f0e (webtiles) character file.

36349 4thArraOfDagon the Grappler (level 13, -8/109 HPs)
             Began as a Troll Wanderer on Sept 26, 2016.
             Was a High Priest of Okawaru.
             Killed from afar by a deep elf mage (32 damage)
             ... with a shard of ice
             ... on level 1 of the Elven Halls.
             The game lasted 00:30:28 (4741 turns).

4thArraOfDagon the Grappler (Troll Wanderer)        Turns: 4741, Time: 00:30:28

Health: -8/109     AC:  7    Str: 24    XL:     13   Next: 52%
Magic:  14/18      EV: 13    Int:  9    God:    Okawaru [*****.]
Gold:   400        SH: 23    Dex:  7    Spells: 3 memorised, 4 levels left

rFire  + + .     SeeInvis +       - Unarmed
rCold  . . .     Gourm    +     h - troll hide
rNeg   . . .     Faith    .     u - +0 large shield
rPois  +         Spirit   .     b - +0 hat {SInv}
rElec  .         Dismiss  .     O - +0 cloak of Qeop Intewn {-Cast rPois rCorr Str-2}
rCorr  +         Reflect  .     (gloves unavailable)
MR     .....     Harm     .     (boots unavailable)
Stlth  ++........ Clarity  +    g - amulet of rage NoCast +
                                (no ring)
                                k - ring of see invisible

@: heroism, finesse
A: unfitting armour, claws 3, large bone plates 1, clarity, dopey 2, fire
resistance 2, fast metabolism 3, frail 1, gourmand, regeneration 1, shaggy fur
1, strong 1, tough skin 2
a: Heroism, Finesse, Renounce Religion, Evoke Berserk Rage


You were on level 1 of the Elven Halls.
You worshipped Okawaru.
Okawaru was extremely pleased with you.
You were very full.

You visited 3 branches of the dungeon, and saw 16 of its levels.
You also visited: Labyrinth and Ossuary.

You collected 1264 gold pieces.
You spent 864 gold pieces at shops.

Inventory:

Hand Weapons
 e - a +0 club
 K - the +9 arbalest of the Philosopher {penet, Int+8, unknown}
   (Okawaru gifted it to you on level 12 of the Dungeon)

   Ammo fired by it will pass through the targets it hits, potentially hitting
   all targets in its path until it reaches maximum range.
   It affects your intelligence (+8).
Missiles
 L - 10 large rocks (quivered)
Armour
 b - a +0 hat of see invisible (worn)
 c - a +0 shield
 d - a +0 robe
 h - a troll hide (worn)
 u - a +0 large shield (worn)
 y - a +1 robe of magic resistance
 O - the +0 cloak of Qeop Intewn (worn) {-Cast rPois rCorr Str-2}
   (Okawaru gifted it to you on level 1 of the Elven Halls)

   It affects your strength (-2).
   It protects you from poison.
   It prevents spellcasting.
   It protects you from acid and corrosion.
Jewellery
 g - an amulet of rage (around neck)
 k - a ring of see invisible (left claw)
 G - an uncursed ring of fire
Wands
 D - a wand of flame (7/48)
 E - a wand of iceblast (15/15)
Scrolls
 j - a scroll of random uselessness {unknown}
 n - 2 scrolls of enchant weapon {unknown}
 o - 4 scrolls of teleportation
 q - a scroll of blinking {unknown}
 t - 2 scrolls of enchant armour {unknown}
 B - a scroll of immolation {unknown}
 F - a scroll of fog {unknown}
 I - 2 scrolls of amnesia {unknown}
 J - 3 scrolls of remove curse
Potions
 i - 4 potions of heal wounds
 l - 2 potions of curing
 m - 2 potions of agility
 p - a potion of lignification
 r - 4 potions of haste
 s - 3 potions of might
 v - a potion of resistance
 w - 2 potions of magic
 z - a potion of berserk rage
 A - a potion of ambrosia
 C - 3 potions of brilliance
 H - a potion of cancellation {unknown}
 M - a potion of flight
 N - a potion of degeneration
Books
 a - a book of Spatial Translocations

   Spells                             Type                      Level
   a - Apportation                    Translocation                1
   b - Blink                          Translocation                2
   c - Shroud of Golubria             Charms/Translocation         2
   d - Portal Projectile              Translocation                3
   e - Teleport Other                 Translocation                3
   f - Passage of Golubria            Translocation                4
Comestibles
 f - 4 bread rations
 x - 4 meat rations


   Skills:
 + Level 6.3(11.3) Fighting
 - Level 2.6(7.6) Maces & Flails
 - Level 1.0(6.0) Throwing
 + Level 6.4(11.4) Dodging
 + Level 8.4(13.4) Shields
 * Level 14.3(19.3) Unarmed Combat
   Level 1.0 Hexes
 - Level 2.9 Transmutations
 + Level 9.2 Invocations
 - Level 3.0 Evocations


You had 4 spell levels left.
You knew the following spells:

 Your Spells              Type           Power        Failure   Level  Hunger
a - Apportation           Tloc           #.........   69%         1    ##.....
b - Blade Hands           Tmut           #.........   100%        5    ######.
c - Blink                 Tloc           N/A          88%         2    ###....


Dungeon Overview and Level Annotations

Branches:
Dungeon (13/15)            Temple (0/1) D:6             Orc (2/2) D:12
    Elf (1/3) Orc:2        Vaults (0/5) D:13
   Lair: D:8-11

Altars:
Elyvilon
Fedhas
Nemelex Xobeh
Okawaru
Zin
The Shining One
Beogh

Shops:
D:12 (   Orc:1 =   Orc:2 %[!(

Portals:
Desolation: Elf:1

Annotations:
D:5 4thArraOfDagon's ghost, amateur HaWn
D:13 Rupert; Urug


Innate Abilities, Weirdness & Mutations

You are too large for most types of armour.
You have claws for hands.
Your metabolism is lightning-fast.
You like to eat raw meat.
Your natural rate of healing is unusually fast.
You are covered in fur. (AC +1)
You have very tough skin. (AC +2)
You are partially covered in large bone plates. (SH +4)
You possess an exceptional clarity of mind.
You are very dopey. (Int -4)
Your flesh is very heat resistant. (rF++)
You are frail. (-10% HP)
Your muscles are strong. (Str +2)


Message History

Unknown command.
You scratch the deep elf mage.
The deep elf mage is severely wounded.
The deep elf mage hits you but does no damage.
Unknown command.
Unknown command.
You mangle the deep elf mage!!
You kill the deep elf mage!
Okawaru accepts your kill. Something appears at your feet!
Okawaru grants you a gift!
Unknown command.
Press: ? - help, v - describe, . - travel, g - get item 6 large rocks.
The floor, spattered with blood.
Unknown command.
L - 10 large rocks (gained 6)
The deep elf mage casts a spell at you. The shard of ice hits you!
You die...

.# ###....)'##.# #e.# #.#
###..........e.# #.#
###..#.#.#.#.#### #.#
#..#.#e#4#e...##. #.#
#.... .......'.. ## #.#
########..i...'. .## #.
##..##.....## ..## #. ####
##....##.....## ...##
#'#...##.@)...)......#####
....#
#.....#))Ye..'...........
....#
#.....##....##....#.#.#.#
....#
#.....###$.######.#.#.#.#
....# #....######
###........ ....#
#'####.## #.........#
...## ##.##### ##.....####
..## ##.....####...>## .##
#. #.........#.####


You could see a deep elf mage and an ice beast.

Vanquished Creatures
  Agnes (Elf:1)
  A deep elf sorcerer (Elf:1)
  An orc warlord (Orc:1)
  2 angels (Elf:1)
  A deep elf death mage (Elf:1)
  A minotaur (Lab)
  The ghost of kal9871 the Grappler, a journeyman TrAK of Lugonu (Orc:1)
  Harold (D:11)
  A hydra (D:12)
  2 centaur warriors
  3 orc high priests (Orc:2)
  2 deep elf knights (Elf:1)
  An unseen horror (shapeshifter) (D:9)
  An unseen horror (D:12)
  A deep elf archer (Elf:1)
  5 orc knights
  2 hill giants
  4 orc sorcerers (Orc:2)
  A manticore (D:12)
  11 deep elf magi (Elf:1)
  A komodo dragon (D:9)
  5 trolls
  A meliai (D:9)
  2 hippogriffs
  2 air elementals (Elf:1)
  A shadow (D:13)
  2 wraiths
  A wyvern (D:8)
  Grum (D:8)
  6 yaks (D:12)
  4 humans
  A hungry ghost (Lab)
  2 wargs (Orc:1)
  A black bear (Orc:1)
  A necrophage (D:10)
  4 wolves (D:8)
  22 orc warriors
  2 phantoms
  A wasp (D:9)
  11 ogres
  12 centaurs
  3 big kobolds
  3 bullfrogs
  2 earth elementals (Elf:1)
  2 water moccasin zombies (Ossuary)
  A scorpion (D:11)
  2 wights (D:9)
  4 crimson imps
  A centaur zombie (D:9)
  2 hounds
  9 orc priests
  20 orc wizards
  A bullfrog skeleton (D:13)
  2 iguanas
  5 worker ants
  A killer bee zombie (D:6)
  2 big kobold zombies (Ossuary)
  A hound skeleton (D:6)
  3 mummies
  A worker ant zombie (D:11)
  A howler monkey zombie (D:8)
  3 gnolls (Orc:2)
  6 adders
  5 adder zombies (Ossuary)
  2 leopard geckos
  52 orcs
  2 bats
  2 giant cockroaches
  2 gnoll zombies (Ossuary)
  2 jackals (D:9)
  3 quokkas
  A goblin (D:1)
  6 hobgoblin zombies (Ossuary)
  30 kobolds
  10 kobold zombies
  6 orc zombies
  A rat (D:11)
  A plant (D:6)
326 creatures vanquished.

Vanquished Creatures (others)
  An orc priest (Orc:2)
  3 plants (D:6)
4 creatures vanquished.

Grand Total: 330 creatures vanquished

Notes
Turn   | Place    | Note
-------+----------+-------------------------------------------
     0 | D:1      | 4thArraOfDagon the Troll Wanderer began the quest for the Orb.
     0 | D:1      | 4thArraOfDagon set off with: a book of Changes, the Almanac of the Escort, a +0 shield, a +0 robe, a +0 club, 2 bread rations
     0 | D:1      | Reached XP level 1. HP: 16/16 MP: 0/0
    54 | D:2      | jacquesderrida: wew
    55 | D:2      | jacquesderrida: Reig
    61 | D:2      | Reached XP level 2. HP: 24/24 MP: 1/1
    68 | D:2      | Identified the Almanac of the Escort
   193 | D:4      | jacquesderrida: dat stat destribution mayne
   251 | D:5      | Entered Level 5 of the Dungeon
   278 | D:5      | Gained mutation: You are dopey. (Int -2) [potion of mutation]
   278 | D:5      | Gained mutation: Your flesh is heat resistant. (rF+) [potion of mutation]
   278 | D:5      | Gained mutation: You are partially covered in large bone plates. (SH +4) [potion of mutation]
   279 | D:5      | Gained mutation: Your muscles are strong. (Str +2) [potion of mutation]
   279 | D:5      | Lost mutation: Your muscles are strong. (Str +2) [potion of mutation]
   279 | D:5      | Gained mutation: You are very dopey. (Int -4) [potion of mutation]
   345 | D:5      | Found a sparkling altar of Nemelex Xobeh.
   411 | D:5      | Found a blossoming altar of Fedhas.
   411 | D:5      | Noticed 4thArraOfDagon's ghost (amateur HaWn)
   426 | D:5      | Found a sand-covered staircase.
   434 | Ossuary  | Entered an ossuary
   447 | Ossuary  | Reached skill level 1 in Unarmed Combat
   471 | Ossuary  | Reached XP level 3. HP: 31/31 MP: 2/2
   527 | Ossuary  | Reached skill level 2 in Unarmed Combat
   527 | Ossuary  | Reached skill level 1 in Evocations
   549 | Ossuary  | Reached skill level 3 in Unarmed Combat
   549 | Ossuary  | Reached XP level 4. HP: 36/39 MP: 2/4
   570 | Ossuary  | Reached XP level 5. HP: 45/45 MP: 3/5
   636 | Ossuary  | Reached skill level 4 in Unarmed Combat
   661 | Ossuary  | Gained mutation: Your flesh is very heat resistant. (rF++) [potion of mutation]
   661 | Ossuary  | Gained mutation: You are frail. (-10% HP) [potion of mutation]
   662 | Ossuary  | Gained mutation: You possess an exceptional clarity of mind. [potion of mutation]
   709 | D:6      | Noticed an orc warrior
   715 | D:6      | Killed an orc warrior
   715 | D:6      | Reached XP level 6. HP: 47/47 MP: 6/6
   787 | D:6      | Found an iron altar of Okawaru.
   806 | D:6      | Became a worshipper of Warmaster Okawaru
   885 | D:6      | Reached skill level 5 in Unarmed Combat
  1070 | D:6      | Found a staircase to the Ecumenical Temple.
  1112 | D:6      | Reached skill level 1 in Invocations
  1121 | D:6      | Reached XP level 7. HP: 44/53 MP: 8/8
  1264 | D:7      | Reached * piety under Okawaru
  1342 | D:8      | Reached skill level 6 in Unarmed Combat
  1464 | D:8      | Found an iron altar of Okawaru.
  1492 | D:8      | Noticed Grum
  1505 | D:8      | Reached XP level 8. HP: 39/60 MP: 6/9
  1514 | D:8      | Killed Grum
  1514 | D:8      | Reached ** piety under Okawaru
  1514 | D:8      | Reached skill level 7 in Unarmed Combat
  1676 | D:9      | Noticed a fire crab
  1685 | D:9      | Noticed an unseen horror
  1691 | D:9      | Reached skill level 8 in Unarmed Combat
  1702 | D:9      | Reached *** piety under Okawaru
  1721 | D:9      | Killed an unseen horror
  1721 | D:9      | Reached XP level 9. HP: 66/66 MP: 8/11
  1730 | D:9      | Gained mutation: Your muscles are strong. (Str +2) [mutagenic meat]
  1734 | D:9      | Noticed a centaur warrior
  1735 | D:9      | Noticed a hill giant
  1749 | D:9      | Killed a centaur warrior
  1749 | D:9      | Reached skill level 9 in Unarmed Combat
  1749 | D:9      | Reached skill level 5 in Invocations
  1751 | D:9      | Noticed a meliai
  1755 | D:9      | Killed a meliai
  1755 | D:9      | Reached **** piety under Okawaru
  1755 | D:9      | Reached skill level 5 in Shields
  1760 | D:9      | Noticed a komodo dragon
  1775 | D:9      | Killed a komodo dragon
  1775 | D:9      | Reached skill level 10 in Unarmed Combat
  1826 | D:9      | Killed a hill giant
  1826 | D:9      | Reached XP level 10. HP: 72/72 MP: 10/13
  1952 | D:10     | Entered Level 10 of the Dungeon
  2062 | D:11     | Noticed a hill giant
  2075 | D:11     | Killed a hill giant
  2075 | D:11     | Reached skill level 1 in Fighting
  2137 | D:11     | Noticed Harold
  2153 | D:11     | Killed Harold
  2153 | D:11     | Reached ***** piety under Okawaru
  2202 | D:11     | Reached skill level 11 in Unarmed Combat
  2264 | D:12     | Noticed a manticore
  2265 | D:12     | Noticed a five-headed hydra
  2286 | D:12     | Killed a manticore
  2292 | D:13     | Found a gate to the Vaults.
  2292 | D:13     | Noticed a centaur warrior
  2292 | D:13     | Noticed Rupert
  2292 | D:13     | Noticed an unseen horror
  2292 | D:13     | Noticed Urug
  2292 | D:13     | Noticed a centaur warrior
  2307 | D:12     | Killed an unseen horror
  2307 | D:12     | Received a gift from Okawaru
  2336 | D:12     | Got a crude arbalest {god gift}
  2358 | D:12     | Reached XP level 11. HP: 36/84 MP: 12/14
  2359 | D:12     | 4thArraOfDagon: sec
  2359 | D:12     | 4thArraOfDagon: beck
  2377 | D:13     | Found a labyrinth entrance.
  2413 | D:13     | Noticed a centaur warrior
  2420 | D:13     | Killed a centaur warrior
  2440 | D:13     | Received a gift from Okawaru
  2480 | Lab      | Entered a labyrinth
  2630 | Lab      | Noticed a minotaur
  2640 | Lab      | Killed a minotaur
  2651 | Lab      | Learned a level 1 spell: Apportation
  2657 | Lab      | Learned a level 5 spell: Blade Hands
  2660 | Lab      | Learned a level 2 spell: Blink
  2693 | D:12     | Found Vanoc's Weapon Shop.
  2693 | D:12     | Found a staircase to the Orcish Mines.
  2713 | D:12     | Killed a ten-headed hydra
  2713 | D:12     | Reached skill level 12 in Unarmed Combat
  2823 | Orc:1    | Entered Level 1 of the Orcish Mines
  2835 | Orc:1    | Noticed kal9871's ghost (journeyman TrAK)
  2841 | Orc:1    | Killed kal9871's ghost
  2966 | Orc:1    | Noticed an orc warlord
  3000 | Orc:1    | Killed an orc warlord
  3000 | Orc:1    | Reached ****** piety under Okawaru
  3000 | Orc:1    | Received a gift from Okawaru
  3000 | Orc:1    | Reached XP level 12. HP: 98/98 MP: 13/16
  3068 | Orc:1    | Found a roughly hewn altar of Beogh.
  3098 | Orc:1    | Found Kairyf's Jewellery Shop.
  3194 | Orc:2    | Entered Level 2 of the Orcish Mines
  3611 | Orc:2    | Found a staircase to the Elven Halls.
  3718 | Orc:2    | 4thArraOfDagon: brb
  3718 | Orc:2    | 4thArraOfDagon: beg
  3833 | Orc:2    | Noticed an orc high priest
  3833 | Orc:2    | Noticed an orc high priest
  3833 | Orc:2    | Noticed an orc high priest
  3856 | Orc:2    | Killed an orc high priest
  3856 | Orc:2    | Reached skill level 13 in Unarmed Combat
  3863 | Orc:2    | Killed an orc high priest
  3863 | Orc:2    | Reached skill level 5 in Fighting
  3902 | Orc:2    | Reached skill level 5 in Dodging
  3992 | Orc:2    | Killed an orc high priest
  3997 | Orc:2    | Found Yphehori's Weapon Shoppe.
  3997 | Orc:2    | Found Roedocog's Food Shoppe.
  3998 | Orc:2    | Found Ceyrhos's Distillery.
  4013 | Orc:2    | Found Nasun's Antique Armour Shop.
  4024 | Orc:2    | Bought a potion of heal wounds for 80 gold pieces
  4024 | Orc:2    | Bought a potion of haste for 160 gold pieces
  4024 | Orc:2    | Bought a potion of resistance for 160 gold pieces
  4024 | Orc:2    | Bought a potion of might for 64 gold pieces
  4024 | Orc:2    | Bought a potion of heal wounds for 80 gold pieces
  4024 | Orc:2    | Bought a potion of magic for 128 gold pieces
  4024 | Orc:2    | Bought a potion of ambrosia for 128 gold pieces
  4024 | Orc:2    | Bought a potion of flight for 48 gold pieces
  4024 | Orc:2    | Bought a potion of degeneration for 16 gold pieces
  4024 | Orc:2    | 4thArraOfDagon: gozu shops
  4053 | Orc:2    | #DRR
  4053 | Orc:2    | TheSilverBeluga: why'd you buy a degen pot
  4208 | Elf:1    | Entered Level 1 of the Elven Halls
  4208 | Elf:1    | Noticed a deep elf death mage
  4217 | Elf:1    | Killed a deep elf death mage
  4219 | Elf:1    | Killed a ghostly deep elf death mage
  4270 | Elf:1    | 4thArraOfDagon: to save id scroll
  4298 | Elf:1    | Received a gift from Okawaru
  4299 | Elf:1    | Got a spiked cloak {god gift}
  4305 | Elf:1    | Identified the +0 cloak of Qeop Intewn {-Cast rPois rCorr Str-2} (Okawaru gifted it to you on level 1 of the Elven Halls)
  4351 | Elf:1    | Reached XP level 13. HP: 55/108 MP: 16/18
  4380 | Elf:1    | Found a glowing silver altar of Zin.
  4380 | Elf:1    | Noticed an angel
  4394 | Elf:1    | Noticed an angel
  4400 | Elf:1    | Killed an angel
  4410 | Elf:1    | Killed an angel
  4418 | Elf:1    | Noticed Agnes
  4419 | Elf:1    | SRSLY
  4419 | Elf:1    | 4thArraOfDagon: disto
  4519 | Elf:1    | Reached skill level 14 in Unarmed Combat
  4618 | Elf:1    | Found a white marble altar of Elyvilon.
  4618 | Elf:1    | Found a ruined gateway.
  4618 | Elf:1    | Found a glowing golden altar of the Shining One.
  4686 | Elf:1    | Noticed a deep elf sorcerer
  4698 | Elf:1    | Noticed a deep elf demonologist
  4722 | Elf:1    | Killed Agnes
  4738 | Elf:1    | Killed a deep elf sorcerer
  4740 | Elf:1    | Received a gift from Okawaru
  4741 | Elf:1    | Killed from afar by a deep elf mage

Vault maps used:
D:1:      minmay_arrival_up_and_down
D:2:      first_bread, hangedman_feature_mirror
D:3:      hangedman_abyss_or_decor_stabs, uniq_crazy_yiuf_cottage
D:4:      minmay_ogre_servants, uniq_eustachio
D:5:      old_standard_altar, kennysheep_little_box,
          nicolae_ossuary_entry_monument
D:6:      kennysheep_kobold_camp, lemuel_zombie_altar_kikubaaqudgha,
          kennysheep_mini_moat, okawaru_metal_pillars_1_2, uniq_menkaure
D:7:      old_forge, tso_oasis_becter, grunt_ogre_cave, lemuel_blue_sif_altar
D:8:      old_standard_altar, lemuel_doored_altar, minmay_mini_ossuary,
          uniq_grum
D:9:      lemuel_crystal_altar, minivault_28
D:11:     due_lair_maze_entry_diamond, minmay_crystal_room,
          nicolae_dithmenos_the_darkroom, uniq_harold, uniq_gastronok
D:12:     orc_david_3
D:13:     david_vaults_3, lab_entry_generic
Orc:1:    serial_shops, nicolae_shop_waterfront, basic_altar
Orc:2:    st_orc_elflike
Elf:1:    portal_desolation_entry_holy_temple, hangedman_elf_represent,
          grunt_megastairs_2, uniq_agnes
Lab:      labyrinth_mini_lab, labyrinth_glass_1, nicolae_lab_garden,
          nicolae_lab_diamond
Ossuary:  ossuary_tomb_2

Skill      XL: |  1  2  3  4  5  6  7  8  9 10 11 12 13 |
---------------+----------------------------------------+-----
Maces & Flails | 2 |  2.6
Unarmed Combat | 1 3 4 5 6 8 10 11 12 13 14 | 14.3
Evocations     | 1 2 3 |  3.0
Invocations    | 1 2 4 5 6 7 8 9 |  9.2
Shields        | 2 4 5 6 7 8 |  8.4
Fighting       | 2 4 5 6 |  6.3
Dodging        | 2 4 5 6 |  6.4
Throwing       | |  1.0
Hexes          | |  1.0
Transmutations | |  2.9

Action                   |  1- 3 |  4- 6 |  7- 9 | 10-12 | 13-15 || total
-------------------------+-------+-------+-------+-------+-------++-------
Melee: Unarmed           |    99 |   198 |   168 |   643 |   103 ||  1211
       Club              |     4 |       |       |       |       ||     4
Throw: Throwing net      |       |       |       |     1 |     2 ||     3
Invok: Heroism           |       |       |     6 |    27 |     6 ||    39
       Finesse           |       |       |       |     3 |     3 ||     6
 Abil: Evoke Berserk Rag |     1 |     2 |     3 |     2 |     1 ||     9
  Use: Scroll            |     4 |     2 |     3 |     6 |     2 ||    17
       Potion            |     2 |     2 |       |     2 |       ||     6
 Stab: Held in net/web   |       |       |       |     1 |       ||     1
  Eat: Chunk             |     3 |    10 |    12 |    22 |     5 ||    52
       Meat ration       |       |     1 |       |       |       ||     1
Armor: Robe              |    29 |    47 |    22 |    43 |       ||   141
       Troll hide        |       |       |       |     5 |     3 ||     8
Dodge: Dodged            |    27 |    29 |    19 |    63 |    11 ||   149
Block: Shield            |    39 |    41 |       |       |       ||    80
       Large shield      |       |    99 |   141 |   508 |    67 ||   815
